 Dungeon Crawl Stone Soup version 0.21.0-25-ge575cb9 (webtiles) character file.

4151 garbagetei the Cleaver (level 10, -6/77 HPs)
             Began as a Formicid Fighter on Jan 26, 2018.
             Was a Believer of Okawaru.
             Mangled by a two-headed ogre
             ... wielding a +0 giant spiked club
              (17 damage)
             ... on level 8 of the Dungeon.
             The game lasted 00:40:23 (10439 turns).

garbagetei the Cleaver (Formicid Fighter)          Turns: 10439, Time: 00:40:25

Health: -6/77      AC:  8    Str: 24    XL:     10   Next: 52%
Magic:  10/10      EV: 10    Int:  8    God:    Okawaru [**....]
Gold:   419        SH: 11    Dex: 10    Spells: 9/9 levels left

rFire    . . .     SeeInvis +   a - +0 war axe
rCold    . . .     Gourm    .   c - +0 shield
rNeg     . . .     Faith    .   b - +0 scale mail
rPois    .         Spirit   .   (helmet unavailable)
rElec    .         Reflect  .   (no cloak)
rCorr    .         Harm     .   (no gloves)
MR       +....                  (no boots)
Stlth    +.........             i - amulet of regeneration
HPRegen  0.62/turn              (no ring)
MPRegen  0.12/turn              (no ring)

@: no status effects
A: permanent stasis, dig shafts and tunnels, four strong arms, antennae 3
a: Dig, Shaft Self, Heroism, Renounce Religion


You were on level 8 of the Dungeon.
You worshipped Okawaru.
Okawaru was pleased with you.
You were not hungry.

You visited 2 branches of the dungeon, and saw 9 of its levels.

You collected 419 gold pieces.

Inventory:

Hand Weapons
 a - a +0 war axe (weapon)
 z - a +1 whip of freezing
 H - a +0 trident of freezing
 N - a +0 flail of draining
 O - a +0 blowgun
 R - a +0 war axe
Missiles
 h - 3 throwing nets (quivered)
 j - 211 stones
 o - 7 needles of confusion
 P - 3 poisoned needles
Armour
 b - a +0 scale mail (worn)
 c - a +0 shield (worn)
 g - a +0 scale mail
 r - a +0 plate armour
 s - a +0 ring mail
 t - a cursed +0 leather armour
 A - a +0 robe
 B - a +0 leather armour
 I - a +2 robe
Jewellery
 i - an amulet of regeneration (around neck)
Wands
 p - a wand of polymorph (27)
 v - a wand of enslavement (20)
 y - a wand of paralysis (16)
 G - a wand of disintegration (19)
 K - a wand of digging (8)
 M - a wand of flame (30)
Scrolls
 d - a scroll of magic mapping {unknown}
 e - 5 scrolls of identify
 k - a scroll of noise {unknown}
 l - a scroll of torment {unknown}
 m - a scroll of fear {unknown}
 q - 6 scrolls of teleportation
 x - a scroll of enchant armour {unknown}
 D - a scroll of blinking {unknown}
 E - 3 scrolls of remove curse {unknown}
 F - a scroll of enchant weapon {unknown}
 Q - a scroll of vulnerability {unknown}
Potions
 n - 2 potions of heal wounds
 u - a potion of degeneration
 w - a potion of curing
 J - a potion of ambrosia
Comestibles
 f - 16 rations


   Skills:
 + Level 6.9 Fighting
 + Level 9.8 Axes
 + Level 7.6 Armour
 + Level 2.7 Dodging
 + Level 2.5 Stealth
 + Level 7.9 Shields
 + Level 0.1 Unarmed Combat
 + Level 0.7 Evocations


You had 9 spell levels left.
You didn't know any spells.

Dungeon Overview and Level Annotations

Branches:
Dungeon (8/15)             Temple (1/1) D:5
   Lair: D:8-11

Altars:
Dithmenos
Elyvilon
Kikubaaqudgha
Okawaru
Ru
Trog
Vehumet
Yredelemnul
Zin

Annotations:
D:2 Sigmund
D:5 Dowan, Duvessa


Innate Abilities, Weirdness & Mutations

You cannot be hasted, slowed, berserked, paralysed or teleported.
You can dig through walls and to a lower floor.
Your four strong arms can wield two-handed weapons with a shield.
You have a pair of large antennae on your head. (SInv)


Message History

The two-headed ogre is lightly wounded.
You hit the two-headed ogre.
The two-headed ogre is moderately wounded.
The two-headed ogre closely misses you.
The two-headed ogre hits you with a giant spiked club!
You slash the two-headed ogre!
The two-headed ogre is heavily wounded.
The two-headed ogre hits you with a giant spiked club!
The two-headed ogre closely misses you.
You barely miss the two-headed ogre.
The two-headed ogre is heavily wounded.
The two-headed ogre barely misses you. x2
You slash the two-headed ogre!
The two-headed ogre is almost dead.
You hit the two-headed ogre.
The two-headed ogre is almost dead.
The two-headed ogre hits you with a giant spiked club!!
* * * LOW HITPOINT WARNING * * *
The two-headed ogre hits you with a giant spiked club!
You die...

###..###..###
#.###...###.#
..........#
#.##[....##.#
###.#####.#
#.#.......#.#
...# #.#
#.(.........#
##### #.#
#...........#
#.# #.........##
#.# #.......#
#.#
##########.....#
#.#
#.[@O.))).....##
# ##.##
#.#############
########...# #.#
.........#.# #.#
.##.#.##..)# #.#
.##.#.###### #.#
.##.#.## #.#
.##....#######.#
.##............#


You could see a two-headed ogre.

Vanquished Creatures
  Pikel (D:4)
  The ghost of Exporg the Thaumaturge, a novice DEFE of Vehumet (D:7)
  2 hornets (D:8)
  A hippogriff (D:7)
  Eustachio (D:4)
  Edmund (D:6)
  A slave (D:4)
  2 orc warriors
  A black bear (D:6)
  A sky beast (D:4)
  An ice beast (D:5)
  An ogre (D:6)
  A necrophage (D:7)
  A centaur (D:6)
  Blork the orc (D:5)
  A big kobold (D:6)
  3 bullfrogs
  2 scorpions
  4 crimson imps
  Crazy Yiuf (D:2)
  4 hounds
  2 jellies
  A centaur zombie (D:6)
  5 orc priests
  11 orc wizards
  9 worker ants
  3 iguanas
  2 killer bee zombies
  11 gnolls
  6 adders
  A shadow imp (D:6)
  An ooze (D:3)
  An adder skeleton (D:6)
  8 worms
  2 dart slugs
  3 leopard geckos
  35 orcs
  6 giant cockroaches
  4 goblins
  6 hobgoblins
  16 jackals
  9 kobolds
  3 quokkas
  4 ball pythons
  9 bats
  7 frilled lizards
  7 rats
  2 fungi (D:2)
206 creatures vanquished.

Vanquished Creatures (others)
  2 slaves (D:5)
  An ice beast (D:5)
  A phantom (D:5)
4 creatures vanquished.

Grand Total: 210 creatures vanquished

Notes
Turn   | Place    | Note
-------+----------+-------------------------------------------
     0 | D:1      | garbagetei the Formicid Fighter began the quest for the Orb.
     0 | D:1      | Reached XP level 1. HP: 18/18 MP: 1/1
    97 | D:1      | Reached XP level 2. HP: 24/24 MP: 2/2
   914 | D:2      | Reached XP level 3. HP: 22/29 MP: 3/3
   941 | D:2      | Found a runed door.
   970 | D:2      | Noticed Sigmund
  1709 | D:2      | Reached XP level 4. HP: 37/37 MP: 4/4
  1838 | D:2      | Reached skill level 3 in Axes
  1848 | D:2      | Reached XP level 5. HP: 19/42 MP: 5/5
  3014 | D:3      | Reached XP level 6. HP: 48/48 MP: 6/6
  3042 | D:3      | Reached skill level 1 in Dodging
  3215 | D:3      | Reached skill level 5 in Shields
  3220 | D:3      | Reached skill level 1 in Stealth
  3434 | D:4      | Reached skill level 4 in Axes
  3599 | D:2      | Noticed Crazy Yiuf
  3606 | D:2      | Killed Crazy Yiuf
  3903 | D:4      | Reached XP level 7. HP: 53/53 MP: 7/7
  4387 | D:3      | Reached skill level 5 in Axes
  5066 | D:5      | Entered Level 5 of the Dungeon
  5293 | D:5      | Found a bloodstained altar of Trog.
  5354 | D:4      | Reached skill level 5 in Armour
  5572 | D:5      | Noticed Pikel
  5611 | D:4      | Reached XP level 8. HP: 47/60 MP: 8/8
  5737 | D:4      | Killed Pikel
  5737 | D:4      | Reached skill level 6 in Axes
  5798 | D:5      | Noticed Eustachio
  5898 | D:5      | Reached skill level 5 in Fighting
  5972 | D:4      | Killed Eustachio
  6078 | D:5      | Reached XP level 9. HP: 68/68 MP: 9/9
  6085 | D:5      | Found a sacrificial altar of Ru.
  6129 | D:5      | Noticed Dowan
  6129 | D:5      | Noticed Blork the orc
  6130 | D:5      | Noticed Duvessa
  6351 | D:6      | Reached skill level 7 in Axes
  6693 | D:5      | Found a staircase to the Ecumenical Temple.
  6699 | Temple   | Entered the Ecumenical Temple
  6721 | Temple   | Became a worshipper of Warmaster Okawaru
  6813 | D:5      | Killed Blork the orc
  7289 | D:6      | Noticed Edmund
  7303 | D:6      | Killed Edmund
  7806 | D:6      | Reached skill level 8 in Axes
  8175 | D:6      | Found a bloodstained altar of Trog.
  8534 | D:7      | Noticed a hippogriff
  8840 | D:7      | Reached * piety under Okawaru
  8973 | D:7      | Killed a hippogriff
  9030 | D:7      | Reached XP level 10. HP: 56/76 MP: 10/10
  9031 | D:7      | Noticed Exporg's ghost (novice DEFE)
  9198 | D:6      | Reached skill level 9 in Axes
  9318 | D:7      | Killed Exporg's ghost
  9982 | D:8      | Reached ** piety under Okawaru
 10288 | D:8      | Noticed a two-headed ogre
 10349 | D:8      | Noticed a two-headed ogre
 10439 | D:8      | Mangled by a two-headed ogre

Skill      XL: |  1  2  3  4  5  6  7  8  9 10 |
---------------+-------------------------------+-----
Shields        | 4 5 6 7 |  7.9
Axes           | 3 4 5 6 8 9 |  9.8
Armour         | 4 5 6 7 |  7.6
Dodging        | 1 2 |  2.7
Stealth        | 1 2 |  2.5
Fighting       | 4 5 6 |  6.9
Unarmed Combat | |  0.1
Evocations     | |  0.7

Action                   |  1- 3 |  4- 6 |  7- 9 | 10-12 || total
-------------------------+-------+-------+-------+-------++-------
Melee: War axe           |   118 |   191 |   411 |   165 ||   885
       Unarmed           |       |     4 |       |       ||     4
 Abil: Dig               |       |     4 |     3 |       ||     7
Evoke: Wand              |       |       |     6 |     2 ||     8
  Use: Scroll            |     2 |       |     2 |       ||     4
       Potion            |     1 |       |    11 |       ||    12
 Stab: Distracted        |       |       |     1 |       ||     1
  Eat: Ration            |     1 |       |     2 |       ||     3
       Chunk             |       |     8 |    10 |     5 ||    23
Armor: Scale mail        |    60 |    74 |   134 |    61 ||   329
Dodge: Dodged            |    51 |    84 |   143 |    70 ||   348
Block: Shield            |    61 |    98 |   216 |   101 ||   476
